 Dungeon Crawl Stone Soup version 0.30-a0-269-gf0224bf7b6 (webtiles) character file.

Game seed: 10059665767448103677

4118 KennySheep the Trooper (level 10, 0/90 (104) HPs)
             Began as an Ogre Air Elementalist on Oct 13, 2022.
             Was a Believer of Vehumet.
             Slain by a gnoll
             ... wielding a +0 spear
             ... led by a gnoll bouda
              (2 damage)
             ... on level 9 of the Dungeon on Oct 14, 2022.
             The game lasted 00:47:03 (10632 turns).

KennySheep the Trooper (Ogre Air Elementalist)     Turns: 10632, Time: 00:47:04

HP:   0/90 (104)    AC:  5    Str: 14    XL:     10   Next: 26%
MP:   3/29          EV: 10    Int: 20    God:    Vehumet [**....]
Gold: 473           SH:  0    Dex: 13    Spells: 3/22 levels left

rFire   . . .      SeeInvis .    a - +4 lajatang "Fyifraa" {elec, rElec Dex+4}
rCold   . . .      Faith    .    (shield currently unavailable)
rNeg    . . .      Spirit   .    j - +1 robe
rPois   .          Reflect  .    (helmet restricted)
rElec   +          Harm     .    g - +0 cloak
rCorr   .          Rampage  .    (gloves unavailable)
Will    +....                    (boots unavailable)
Stlth   ++........               r - amulet of the acrobat
HPRegen 0.35/turn                C - ring of magical power
MPRegen 0.21/turn                (no ring)

@: weakened, very slightly contaminated, heavily drained
A: large, unfitting armour, tough skin 1
a: Renounce Religion


You were on level 9 of the Dungeon.
You worshipped Vehumet.
Vehumet was pleased with you.
You visited 1 branch of the dungeon, and saw 9 of its levels.
You also visited: Ossuary.

You collected 473 gold pieces.

Inventory:

Hand Weapons
 a - the +4 lajatang "Fyifraa" (weapon) {elec, rElec Dex+4}
   (You acquired it on level 3 of the Dungeon)

   It occasionally discharges a powerful burst of electricity upon striking a
   foe.
   Dex:       It affects your dexterity (+4).
   rElec:     It insulates you from electricity.
 e - a +1 dagger of venom
Armour
 g - a +0 cloak (worn)
 j - a +1 robe (worn)
Magical Staves
 n - a staff of death
Jewellery
 r - an amulet of the acrobat (around neck)
 C - a ring of magical power (left hand)
 D - a ring of magical power
 F - a ring of resist corrosion
Wands
 h - a wand of charming (38)
 o - a wand of digging (6)
 E - a wand of mindburst (7)
Scrolls
 c - 3 scrolls of magic mapping
 d - 2 scrolls of fog
 f - 2 scrolls of poison
 i - 3 scrolls of blinking
 m - 3 scrolls of teleportation
 p - a scroll of noise
 s - a scroll of enchant weapon
 w - 4 scrolls of identify
 y - a scroll of vulnerability
Potions
 b - 2 potions of magic
 k - 3 potions of haste
 l - a potion of cancellation {unknown}
 q - 7 potions of curing
 t - a potion of ambrosia {unknown}
 u - 3 potions of mutation {unknown}
 v - 2 potions of flight
 x - a potion of attraction {unknown}
 z - a potion of lignification
 A - 3 potions of brilliance
 B - a potion of degeneration


   Skills:
 + Level 7.8 Fighting
 + Level 5.9 Staves
 - Level 1.7 Dodging
 - Level 1.4 Stealth
 + Level 6.9 Spellcasting
 - Level 5.7 Conjurations
 - Level 1.3 Translocations
 * Level 4.4 Fire Magic
 - Level 5.9 Air Magic


You had 3 spell levels left.
You knew the following spells:

 Your Spells              Type           Power      Damage    Failure   Level
a - Shock                 Conj/Air       100%       1d9       1%          1
b - Static Discharge      Conj/Air       60%        2-5/arc   1%          2
c - Swiftness             Air            30%        N/A       2%          3
d - Airstrike             Air            15%        2d(3-19)  9%          4
e - Blink                 Tloc           24%        N/A       9%          2
f - Momentum Strike       Conj/Tloc      42%        3d9       3%          2
g - Scorch                Fire           48%        2d7       2%          2
h - Kindle Blastsparks    Fire/Tloc/Air  44%        2d13      6%          3

Your spell library contained the following spells:

 Spells                   Type           Power      Damage    Failure   Level
 Ignite Poison            Fire/Tmut/Pois 12%        N/A       16%         3
 Poisonous Vapours        Pois/Air       36%        N/A       4%          2
 Hailstorm                Conj/Ice       18%        3d6       9%          3
 Sting                    Tmut/Pois      24%        1d4       10%         1
 Sublimation of Blood     Necr           6%         N/A       14%         2
 Wereblood                Tmut           6%         N/A       14%         2
 Gell's Gravitas          Tloc           12%        N/A       16%         3
 Lesser Beckoning         Tloc           24%        N/A       16%         3
 Teleport Other           Tloc           12%        N/A       16%         3
 Iskenderun's Mystic Bla  Conj/Tloc      21%        2d6       22%         4
 Fulminant Prism          Conj/Hex       9%         3d7       28%         4
 Cause Fear               Hex            3%         N/A       67%         4
 Ice Form                 Ice/Tmut       6%         N/A       67%         4
 Olgreb's Toxic Radiance  Pois           6%         N/A       67%         4
 Lee's Rapid Deconstruct  Erth           3%         3d6*      95%         5
 Simulacrum               Ice/Necr       3%         N/A       100%        6
 Dragon Form              Tmut           3%         N/A       100%        7
 Summon Hydra             Summ           3%         N/A       100%        7
 Dragon's Call            Summ           3%         N/A       100%        9


Dungeon Overview and Level Annotations

Branches:
Dungeon (9/15)             Temple (0/1) D:7         Ossuary (visited)
   Lair: D:8-11         Orc: D:9-12

Altars:
Ashenzari
Dithmenos
Gozag
Hepliaklqana
Kikubaaqudgha
Makhleb
Nemelex Xobeh
Okawaru
Qazlal
Trog
Uskayaw
Vehumet
Xom

Shops:
D:3 =


Innate Abilities, Weirdness & Mutations

You are too large for most types of armour.
You have tough skin. (AC +1)


Message History

The gnoll is heavily wounded.
The gnoll's fire resistance burns away.
A gnoll bouda comes into view. It is wielding a +0 whip.
The wight closely misses you. The gnoll hits you but does no damage.
Flames lash the wight.
The wight is moderately damaged.
The wight's fire resistance burns away.
The wight hits you from afar with a +0 spear!
* * * LOW HITPOINT WARNING * * *
You feel drained.
* * * LOW HITPOINT WARNING * * *
Flames lash the gnoll.
The gnoll is severely wounded.
The gnoll's fire resistance burns away.
The wight hits you from afar with a +0 spear.
* * * LOW HITPOINT WARNING * * *
You feel drained.
* * * LOW HITPOINT WARNING * * *
Flames lash the gnoll bouda.
The gnoll bouda is lightly wounded.
The gnoll bouda's fire resistance burns away.
The gnoll bouda hits you with a +0 whip.
* * * LOW HITPOINT WARNING * * *
The wight hits you from afar with a +0 spear!
* * * LOW HITPOINT WARNING * * *
You feel drained.
A gnoll comes into view. It is wielding a +0 spear.
You miscast Scorch.
You are very lightly contaminated with residual magic.
Nothing appears to happen.
The gnoll is no longer more vulnerable to fire.
The wight is no longer more vulnerable to fire.
The gnoll bouda gazes fiercely through you!
You feel your attacks grow feeble.
The gnoll bouda hits you with a +0 whip.
* * * LOW HITPOINT WARNING * * *
The wight hits you from afar with a +0 spear.
* * * LOW HITPOINT WARNING * * *
The gnoll hits you from afar with a +0 spear.
You die...

#z.#
#..##
#../ #..#
#
#..#.##.#
#.......g
#<# #
#.#####g#
#.gz.@gg#
#########


You could see a gnoll bouda (combustible), a wight and 3 gnolls.

Vanquished Creatures
  An ugly thing (D:8)
  A wyvern (D:8)
  3 yaks (D:8)
  A wraith (D:8)
  A water moccasin (D:8)
  3 ice beasts
  2 sky beasts (D:7)
  3 ogres
  3 centaurs
  A phantom (D:6)
  A kobold brigand (D:7)
  3 bullfrogs
  2 scorpions (D:6)
  A necrophage (D:4)
  2 water moccasin zombies (Ossuary)
  5 wights
  3 killer bees (D:7)
  3 vampire bats (D:6)
  2 jellies
  A gnoll bouda (D:8)
  6 hounds
  4 orc priests
  4 iguanas
  2 orc wizards
  2 mummies (Ossuary)
  Robin (D:3)
  6 adders
  5 gnolls
  An ufetubus (D:6)
  10 adder zombies (Ossuary)
  2 worms
  2 dart slugs
  28 orcs
  4 ball pythons
  3 endoplasms
  4 giant cockroaches
  3 gnoll zombies (Ossuary)
  10 hobgoblins
  4 jackals (D:4)
  11 kobolds
  2 quokkas (D:1)
  11 bats
  A frilled lizard (D:3)
  12 goblins
  7 hobgoblin zombies (Ossuary)
  A kobold zombie (Ossuary)
  6 orc zombies (Ossuary)
  9 rats
203 creatures vanquished.

Vanquished Creatures (others)
  2 demonic plants (D:1)
2 creatures vanquished.

Grand Total: 205 creatures vanquished

Notes
Turn   | Place    | Note
-------+----------+-------------------------------------------
     0 | D:1      | KennySheep the Ogre Air Elementalist began the quest for
                  | the Orb.
     0 | D:1      | Reached XP level 1. HP: 16/16 MP: 3/3
   123 | D:1      | Reached skill level 1 in Conjurations
   251 | D:1      | Reached XP level 2. HP: 3/26 MP: 0/5
   550 | D:1      | Found a faded altar of an unknown god.
   567 | D:1      | Reached skill level 1 in Fighting
  1302 | D:2      | Reached XP level 3. HP: 33/33 MP: 4/7
  1855 | D:2      | Reached XP level 4. HP: 42/42 MP: 5/8
  2451 | D:3      | Found Weicotuo's One-of-a-Kind Rings.
  2674 | D:3      | Upgraded the game from 0.30-a0-263-ge22c4ad894 to
                  | 0.30-a0-269-gf0224bf7b6
  2676 | D:3      | Reached skill level 2 in Fighting
  2702 | D:3      | Noticed Robin
  2724 | D:3      | Killed Robin
  2965 | D:3      | Found an opulent altar of Gozag.
  3164 | D:3      | Identified a scroll of acquirement
  3165 | D:3      | Acquired the +4 lajatang "Fyifraa" {elec, rElec Dex+4}
  3476 | D:3      | Reached XP level 5. HP: 49/49 MP: 9/9
  3769 | D:4      | Noticed an ice beast
  3780 | D:4      | Killed an ice beast
  3781 | D:4      | Reached skill level 1 in Staves
  3839 | D:4      | Reached XP level 6. HP: 20/59 MP: 2/11
  4031 | D:4      | Reached skill level 3 in Fighting
  4503 | D:4      | Found a radiant altar of Vehumet.
  4594 | D:4      | Became a worshipper of Vehumet
  4879 | D:5      | Entered Level 5 of the Dungeon
  4961 | D:4      | Reached XP level 7. HP: 26/67 MP: 9/12
  5128 | D:5      | Learned a level 2 spell: Static Discharge
  5132 | D:5      | Learned a level 3 spell: Swiftness
  5137 | D:5      | Learned a level 4 spell: Airstrike
  5140 | D:5      | Learned a level 2 spell: Blink
  5275 | D:5      | Found a shadowy altar of Dithmenos.
  5427 | D:5      | Noticed a two-headed ogre
  5781 | D:5      | Reached skill level 4 in Fighting
  6292 | D:6      | Reached XP level 8. HP: 48/79 MP: 13/15
  6331 | D:6      | Reached skill level 5 in Fighting
  6372 | D:6      | Reached skill level 5 in Spellcasting
  6377 | D:6      | Reached skill level 5 in Air Magic
  6386 | D:6      | Found a sand-covered staircase.
  6528 | Ossuary  | Entered an ossuary
  6598 | Ossuary  | Reached * piety under Vehumet
  6598 | Ossuary  | Offered knowledge of Kiss of Death by Vehumet.
  7450 | D:6      | Learned a level 2 spell: Momentum Strike
  7455 | D:6      | Learned a level 4 spell: Iskenderun's Mystic Blast
  7469 | D:6      | Found a broken altar of Ashenzari.
  7469 | D:6      | Found a bloodstained altar of Trog.
  7473 | D:6      | Found a stormy altar of Qazlal.
  7600 | D:6      | Reached skill level 6 in Fighting
  7607 | D:6      | Reached skill level 1 in Translocations
  7607 | D:6      | Reached XP level 9. HP: 88/89 MP: 16/17
  7626 | D:6      | Reached ** piety under Vehumet
  7651 | D:6      | Offered knowledge of Scorch by Vehumet.
  7745 | D:6      | Learned a level 2 spell: Scorch
  7749 | D:6      | Learned a level 3 spell: Kindle Blastsparks
  7956 | D:7      | Found a shimmering altar of Xom.
  7985 | D:7      | Found a hide-covered altar of Uskayaw.
  8014 | D:7      | Found a staircase to the Ecumenical Temple.
  8116 | D:7      | Reached skill level 1 in Fire Magic
  8199 | D:7      | Found an iron altar of Okawaru.
  8267 | D:7      | Found a burning altar of Makhleb.
  8389 | D:7      | Reached skill level 5 in Staves
  8389 | D:7      | Reached skill level 5 in Conjurations
  8437 | D:7      | Found an ancient bone altar of Kikubaaqudgha.
  8437 | D:7      | Found a hazy altar of Hepliaklqana.
  9344 | D:8      | Found a sparkling altar of Nemelex Xobeh.
  9423 | D:8      | Offered knowledge of Ignite Poison by Vehumet.
  9661 | D:8      | Reached skill level 7 in Fighting
  9671 | D:8      | HP: 3/93 [yak (15)]
 10188 | D:8      | Noticed a purple ugly thing
 10190 | D:8      | Reached XP level 10. HP: 84/102 MP: 19/19
 10199 | D:8      | Killed a purple ugly thing
 10632 | D:9      | HP: 3/90 [gnoll bouda/+0 whip (6)]
 10632 | D:9      | Slain by a gnoll

Illustrated notes

Levels and vault maps discovered:
D:1:      wheals_arrival_shading, layout_basic, shapermc_ecumenical_altar_gd,
          minmay_pentomino_s2
D:2:      layout_basic, kennysheep_cross_room
D:3:      layout_basic, mainiacjoe_overflow_paths, minivault_24,
          hangedman_feature_mirror, nicolae_shop_unique_rings, uniq_robin
D:4:      layout_gridville, vehumet_crystals
D:5:      layout_layer_cave, lemuel_crystal_altar
D:6:      layout_rooms, nicolae_overflow_hidden_temple, enter_ossuary_5,
          roderic_batcave
D:7:      layout_cave_pools, lightli_temple_of_fire, lemuel_crystal_altar,
          mainiacjoe_overflow_tiny_flanked, mainiacjoe_overflow_surrounded_room,
          jmf_multi_god_temple, temple_hall, serial_rivers,
          chequers_serial_rivers_micro_d, chequers_serial_rivers_room_b,
          chequers_serial_rivers_small_b, chequers_serial_rivers_micro_c,
          grunt_decor_cap
D:8:      layout_basic, nemelex_spade_bored_becter
D:9:      layout_loops_cross, old_standard_altar, uniq_erolcha, uniq_erica

Skill      XL: |  1  2  3  4  5  6  7  8  9 10 |
---------------+-------------------------------+-----
Conjurations   | 1 2 3 4 5 |  5.7
Fighting       | 1 2 3 4 6 7 |  7.8
Air Magic      | 3 4 5 |  5.9
Spellcasting   | 3 4 5 6 |  6.9
Staves         | 1 2 3 4 5 |  5.9
Translocations | 1 |  1.3
Fire Magic     | 3 4 |  4.4
Dodging        | |  1.7
Stealth        | |  1.4

Action                   |  1- 3 |  4- 6 |  7- 9 | 10-12 || total
-------------------------+-------+-------+-------+-------++-------
Melee: Unarmed           |    37 |       |       |       ||    37
       Dagger            |    16 |     2 |       |       ||    18
       Lajatang          |       |    55 |   173 |       ||   228
 Cast: Shock             |    50 |    84 |    87 |       ||   221
       Swiftness         |       |       |     2 |       ||     2
       Blink             |       |       |     1 |       ||     1
       Scorch            |       |       |    56 |    36 ||    92
       Kindle Blastspark |       |       |     6 |     1 ||     7
       Momentum Strike   |       |       |     2 |       ||     2
  Use: Potion            |     3 |       |     2 |       ||     5
       Scroll            |       |     9 |    10 |       ||    19
 Stab: Sleeping          |       |     5 |     1 |       ||     6
Armor: Robe              |    20 |    21 |    77 |     1 ||   119
       Skin              |     1 |       |       |       ||     1
Dodge: Dodged            |    22 |    71 |   179 |    20 ||   292

Table legend: (Time is in decaauts)
 A = Elapsed time spent in this place.
 B = Non-inter-level travel time spent in this place.
 C = Inter-level travel time spent in this place.
 D = Time resting spent in this place.
 E = Time spent auto-exploring this place.
 F = Levels seen in this place.
 G = Mean time per level.
                   A        B        C        D        E       F      G
               +--------+--------+--------+--------+--------+-----+--------+
         Total |  10681 |  10286 |    395 |   2333 |   6121 |  10 | 1068.1 |
       Dungeon |  10429 |  10034 |    395 |   2294 |   6097 |   9 | 1158.8 |
       Ossuary |    252 |    252 |      0 |     39 |     24 |   1 |  252.0 |
               +--------+--------+--------+--------+--------+-----+--------+

Top non-repeatable levels by time:
     D:8: 1648 daAuts
     D:4: 1489 daAuts
     D:5: 1463 daAuts
     D:3: 1359 daAuts
     D:1: 1298 daAuts
     D:7: 1174 daAuts
     D:2: 1088 daAuts
     D:6: 881 daAuts
 Ossuary: 252 daAuts
     D:9: 26 daAuts
